 Dungeon Crawl Stone Soup version 0.20.1-1-g8b1a95d (webtiles) character file.

109 cochise the Cudgeler (level 4, -3/40 HPs)
             Began as a Minotaur Monk on Oct 13, 2017.
             Slain by a hobgoblin
             ... wielding a +0 club
             ... led by Robin
              (5 damage)
             ... on level 2 of the Dungeon.
             The game lasted 00:05:34 (1290 turns).

cochise the Cudgeler (Minotaur Monk)                Turns: 1290, Time: 00:05:35

Health: -3/40      AC:  4    Str: 16    XL:     4   Next: 60%
Magic:  3/3        EV: 13    Int:  7    God:
Gold:   95         SH:  0    Dex: 13    Spells: 3/3 levels left

rFire    . . .     SeeInvis .   a - +0 mace
rCold    . . .     Gourm    .   (no shield)
rNeg     . . .     Faith    .   h - +0 leather armour
rPois    .         Spirit   .   (helmet restricted)
rElec    .         Reflect  .   q - +0 cloak
rCorr    .         Harm     .   (no gloves)
MR       +....                  (no boots)
Stlth    ++........             (no amulet)
Regen    0.2/turn               j - ring of protection from magic
MPRegen  0.1/turn               (no ring)

@: no status effects
A: retaliatory headbutt, horns 2
a: no special abilities


You were on level 2 of the Dungeon.
You were not hungry.

You visited 1 branch of the dungeon, and saw 2 of its levels.

You collected 95 gold pieces.

Inventory:

Hand Weapons
 a - a +0 mace (weapon)
Armour
 b - a +0 robe
 h - a +0 leather armour (worn)
 q - a +0 cloak (worn)
Jewellery
 j - a ring of protection from magic (left hand)
Wands
 n - a wand of random effects (10/48)
Scrolls
 e - a scroll of amnesia {unknown}
 f - a scroll of identify {unknown}
 g - 2 scrolls of remove curse
 i - a scroll of magic mapping {unknown}
 m - 2 scrolls of enchant armour {unknown}
 p - a scroll of fog {unknown}
Potions
 d - 2 potions of agility {unknown}
 l - a potion of berserk rage {unknown}
 o - a potion of degeneration {unknown}
Comestibles
 c - 3 bread rations
 k - 2 meat rations


   Skills:
 + Level 4.2 Fighting
 * Level 5.3 Maces & Flails
 + Level 2.1 Armour
 - Level 3.5 Dodging
 - Level 1.7 Stealth


You had 3 spell levels left.
You didn't know any spells.

Dungeon Overview and Level Annotations

Branches:
Dungeon (2/15)

Altars:
Ru
Xom

Annotations:
D:2 Robin


Innate Abilities, Weirdness & Mutations

You reflexively headbutt those who attack you in melee.
You have a pair of horns on your head.


Message History

Robin hits you with a club.
You hit Robin but do no damage.
Robin is moderately wounded.
Robin hits you with a club.
You hit Robin.
Robin is heavily wounded.
The hobgoblin hits you with a club.
* * * LOW HITPOINT WARNING * * *
Robin hits you with a club.
* * * LOW HITPOINT WARNING * * *
The goblin closely misses you.
You barely miss Robin. Your headbutt misses Robin.
Robin is heavily wounded.
The hobgoblin closely misses you. Robin hits you with a club.
* * * LOW HITPOINT WARNING * * *
The goblin hits you but does no damage.
You barely miss Robin. Your headbutt misses Robin.
Robin is heavily wounded.
The hobgoblin hits you with a club.
You die...

# #.#....'......# #)..#♣♣
♣♣.... ###.#.####......#
##### ♣♣##. .##.#.#
######## #. .##.#.# #.
.##.#.# ################.
..[.#.#
#########.##.............
..#.#.#
..ggg.g...###############
..#.#.#.#########g....)..
....#.#.#......†@g....###
.#..#.#.......#g#.###.#
...>#.#.#.###...#.# #
###.#.###.###.###.#
#.#....<......#.#
#.#<).......)...#
#................
#################


You could see Robin, a hobgoblin and a goblin.

Vanquished Creatures
  Crazy Yiuf (D:2)
  4 adders (D:2)
  4 dart slugs
  A ball python (D:2)
  4 bats
  A giant cockroach (D:2)
  7 goblins
  6 hobgoblins
  3 kobolds
  A frilled lizard (D:1)
  5 rats
37 creatures vanquished.

Notes
Turn   | Place    | Note
-------+----------+-------------------------------------------
     0 | D:1      | cochise the Minotaur Monk began the quest for the Orb.
     0 | D:1      | Reached XP level 1. HP: 19/19 MP: 0/0
   364 | D:1      | Reached XP level 2. HP: 27/27 MP: 1/1
   488 | D:1      | Reached skill level 4 in Maces & Flails
   715 | D:2      | Found a shimmering altar of Xom.
   730 | D:2      | Reached skill level 1 in Armour
   730 | D:2      | Reached XP level 3. HP: 22/33 MP: 2/2
  1001 | D:2      | Found a sacrificial altar of Ru.
  1004 | D:2      | Reached skill level 5 in Maces & Flails
  1004 | D:2      | Reached XP level 4. HP: 37/40 MP: 3/3
  1093 | D:2      | Found a runed door.
  1097 | D:2      | Noticed Crazy Yiuf
  1109 | D:2      | Killed Crazy Yiuf
  1266 | D:2      | Noticed Robin
  1289 | D:2      | HP: 2/40 [Robin/club (2)]
  1290 | D:2      | Slain by a hobgoblin

Skill      XL: |  1  2  3  4 |
---------------+-------------+-----
Maces & Flails | 4 5 |  5.3
Armour         | 1 2 |  2.1
Fighting       | 4 |  4.2
Dodging        | |  3.5
Stealth        | |  1.7

Action                   |  1- 3 |  4- 6 || total
-------------------------+-------+-------++-------
Melee: Mace              |    76 |    29 ||   105
       Headbutt          |     5 |     2 ||     7
  Use: Scroll            |     1 |       ||     1
 Stab: Sleeping          |     3 |       ||     3
       Distracted        |       |     1 ||     1
  Eat: Chunk             |       |     1 ||     1
Armor: Robe              |     1 |       ||     1
       Leather armour    |    14 |     3 ||    17
Dodge: Dodged            |    48 |    18 ||    66
